 Dungeon Crawl Stone Soup version 0.24-b1 (webtiles) character file.

Game seed: 14315293723167103581, levelgen mode: deterministic

10497 Froggeryz the Slicer (level 11, -1/61 HPs)
             Began as a Kobold Chaos Knight on Oct 12, 2019.
             Was a Plaything of Xom.
             Slain by an orc warrior
             ... wielding a +0 halberd
              (21 damage)
             ... on level 11 of the Dungeon.
             The game lasted 00:30:18 (8071 turns).

Froggeryz the Slicer (Kobold Chaos Knight)          Turns: 8071, Time: 00:30:19

Health: -1/61      AC: 15    Str: 11    XL:     11   Next: 94%
Magic:  17/17      EV: 23    Int: 24    God:    Xom [...*..]
Gold:   72         SH:  7    Dex: 17    Spells: 16/18 levels left

rFire    + . .     SeeInvis .   N - +5 dagger "Vetal" {freeze, *Contam rElec Int+8}
rCold    . . .     Gourm    .   A - +0 buckler
rNeg     + . .     Faith    .   G - +2 leather armour {rF+}
rPois    +         Spirit   .   R - +0 hat {MR+}
rElec    +         Reflect  .   y - +2 ratskin cloak {+Rats rPois rN+ Str-1 Int-1 Dex+1}
rCorr    .         Harm     .   (no gloves)
MR       +....                  (no boots)
Stlth    +++++.....             u - amulet of regeneration
HPRegen  0.60/turn              q - +3 ring of protection
MPRegen  0.15/turn              v - ring of stealth

@: very slightly contaminated
A: small, icy blue scales 1, yellow scales 1, camouflage 1, carnivore, clever 1,
frail 1, strong 1, wild magic 1
a: Renounce Religion, Evoke Ratskin


You were on level 11 of the Dungeon.
You worshipped Xom.
You were a favourite toy of Xom.
You were very full.

You visited 2 branches of the dungeon, and saw 12 of its levels.
You also visited: Sewer and Ossuary.

You collected 586 gold pieces.
You spent 514 gold pieces at shops.

Inventory:

Hand Weapons
 a - a +0 short sword of chaos
 g - a +1 hunting sling of flaming
 r - a +2 hand axe of electrocution
 w - a +2 falchion of freezing
 F - a +3 short sword
 H - a +0 rapier
 N - the +5 dagger "Vetal" (weapon) {freeze, *Contam rElec Int+8}
   (You bought it in a shop on level 4 of the Dungeon)

   It has been specially enchanted to freeze those struck by it, causing extra
   injury to most foes and up to half again as much damage against particularly
   susceptible opponents.
   It can also slow down cold-blooded creatures.
   It affects your intelligence (+8).
   It insulates you from electricity.
   It causes magical contamination when unequipped.
Missiles
 d - 8 poisoned darts (quivered)
 f - 6 atropa-tipped darts
 n - 255 stones
 D - a throwing net
Armour
 y - the +2 ratskin cloak (worn) {+Rats rPois rN+ Str-1 Int-1 Dex+1}
   (You found it in an ossuary)

   It affects your strength (-1).
   It affects your intelligence (-1).
   It affects your dexterity (+1).
   It protects you from poison.
   It protects you from negative energy.
 A - a +0 buckler (worn)
 G - a +2 leather armour of fire resistance (worn)
 J - a +1 cloak of invisibility
 R - a +0 hat of magic resistance (worn)
 V - the +1 leather armour of the Sailor {rPois Str-2 Int+4 SInv}
   (You took it off an orc on level 9 of the Dungeon)

   It affects your strength (-2).
   It affects your intelligence (+4).
   It protects you from poison.
   It lets you see invisible.
Jewellery
 b - an uncursed ring of wizardry
 q - a +3 ring of protection (left hand)
 u - an amulet of regeneration (around neck)
 v - a ring of stealth (right hand)
 M - an uncursed ring of resist corrosion
Wands
 t - a wand of acid (21)
 Q - a wand of random effects (24)
 S - a wand of clouds (6)
 T - a wand of flame (24)
 U - a wand of scattershot (3)
Scrolls
 e - 2 scrolls of remove curse
 i - 3 scrolls of enchant weapon
 j - 2 scrolls of noise
 l - 2 scrolls of magic mapping
 m - 5 scrolls of identify
 o - a scroll of random uselessness {unknown}
 p - 14 scrolls of teleportation
 s - a scroll of blinking
 z - a scroll of fear
 L - 3 scrolls of fog
 P - a scroll of torment {unknown}
 W - a scroll of vulnerability {unknown}
 X - a scroll of brand weapon {unknown}
Potions
 h - 10 potions of curing
 k - 2 potions of flight
 x - a potion of cancellation
 B - 4 potions of heal wounds
 C - 4 potions of lignification
 E - a potion of brilliance
 I - 2 potions of agility
 O - 2 potions of haste {unknown}
Miscellaneous
 K - a phial of floods
Comestibles
 c - 16 rations


   Skills:
 * Level 7.7 Fighting
 - Level 12.8 Short Blades
 - Level 0.7 Armour
 + Level 11.7 Dodging
 - Level 5.4 Stealth
 - Level 6.7 Shields
 + Level 4.0 Spellcasting


You had 16 spell levels left.
You knew the following spells:

 Your Spells              Type           Power        Failure   Level  Hunger
a - Blink                 Tloc           N/A          26%         2    #......

Your spell library contained the following spells:

 Spells                   Type           Power        Failure   Level  Hunger
 Magic Dart               Conj           #...         19%         1    None
 Call Imp                 Summ           #.......     26%         2    #......
 Slow                     Hex            #.......     26%         2    #......
 Conjure Flame            Conj/Fire      #.......     45%         3    ##.....
 Mephitic Cloud           Conj/Pois/Air  #.......     45%         3    ##.....


Dungeon Overview and Level Annotations

Branches:
Dungeon (11/15)            Temple (1/1) D:5            Lair (0/6) D:10
  Sewer (visited)         Ossuary (visited)
    Orc: D:9-12

Altars:
Dithmenos
Elyvilon
Gozag
Qazlal
Xom

Shops:
D:4 *(*[(   D:5 }   D:8 :   D:10 !

Annotations:
D:10 2 transporters, Scuka's ghost, journeyman HuGl


Innate Abilities, Weirdness & Mutations

You are small and have problems with some larger weapons.
You are carnivorous and can eat meat at any time.
You are partially covered in icy blue scales. (AC +2)
You are partially covered in yellow scales. (AC +2)
Your skin changes colour to match your surroundings (Stealth+).
Your mind is acute. (Int +2)
You are frail. (-10% HP)
Your muscles are strong. (Str +2)
Your spells are a little harder to cast, but a little more powerful.


Message History

The tengu hits your iron imp.
Your iron imp dies!
Something hits you. Something shocks you. You resist.
You emit a cloud of colourful smoke!
The orc warrior misses you.
You hit the orc warrior but do no damage.
The orc warrior is moderately wounded.
Your quasit disappears in a puff of smoke!
The centaur misses you.
The orc wizard gestures at you while chanting.
The magic dart hits you.
Unknown command.
You barely miss something. Something misses you.
You block the centaur's attack.
Unknown command.
You barely miss the orc wizard.
The orc wizard is moderately wounded.
The orc warrior hits you with a +0 halberd!!
You die...
Xom snickers!

###..#.....
#.........#
###.........#
.... .........5.#
..... #.........
...... #.......#
...... #.[.....#
......
#.?.§o#####......
#..(Qc@{)>(..(...
#...(§§o5).).....
#.(#§........#...
#..###.(.....#
#....###....##
#.......(...#
#...##...!..###.#
..##<.)........
............##.


You could see an orc warrior, a tengu, a centaur, an orc wizard and a friendly
iron imp.

Vanquished Creatures
  Gastronok (D:8)
  A two-headed ogre (D:10)
  Maurice (D:8)
  A queen bee (D:10)
  4 hippogriffs
  Sigmund (D:4)
  8 yaks
  Eustachio (D:6)
  3 wargs (D:10)
  A water moccasin (D:9)
  A sky beast (D:7)
  3 ice beasts
  2 phantoms
  A black bear (D:6)
  An orc warrior (D:7)
  A necrophage (D:10)
  4 ogres
  4 centaurs
  Blork the orc (D:4)
  2 big kobolds
  5 bullfrogs
  4 water moccasin zombies
  A scorpion (D:4)
  11 wights
  11 killer bees
  2 howler monkeys
  4 crimson imps
  A bullfrog zombie (D:5)
  3 centaur zombies
  A quasit (D:7)
  4 hounds
  A jelly (D:10)
  3 bullfrog skeletons
  7 orc priests
  10 orc wizards
  3 iguanas
  11 worker ants
  4 big kobold zombies (Ossuary)
  A hound zombie (D:5)
  2 mummies (Ossuary)
  2 worker ant zombies (D:7)
  6 gnolls
  A howler monkey skeleton (D:5)
  15 adders
  A river rat (Sewer)
  2 shadow imps
  2 oozes
  5 adder zombies
  An adder skeleton (D:10)
  5 worms
  6 dart slugs
  5 leopard geckos
  32 orcs
  9 giant cockroaches
  A gnoll zombie (Ossuary)
  3 goblins
  10 hobgoblins
  14 jackals
  11 kobolds
  5 quokkas
  2 ball pythons (D:6)
  9 bats
  4 frilled lizards
  5 hobgoblin zombies (Ossuary)
  2 jackal skeletons (D:4)
  3 kobold zombies (Ossuary)
  A leopard gecko skeleton (D:8)
  6 orc zombies (Ossuary)
  2 quokka skeletons
  9 rats
  A plant (D:10)
311 creatures vanquished.

Vanquished Creatures (collateral kills)
  A centaur (D:11)
  A bullfrog (D:7)
  An orc priest (D:11)
  A gnoll (D:2)
  2 orcs (D:11)
6 creatures vanquished.

Vanquished Creatures (others)
  2 adder zombies (Ossuary)
  A hobgoblin zombie (Ossuary)
  An orc zombie (Ossuary)
  A plant (D:10)
5 creatures vanquished.

Grand Total: 322 creatures vanquished

Notes
Turn   | Place    | Note
-------+----------+-------------------------------------------
     0 | D:1      | Froggeryz the Kobold Chaos Knight began the quest for the
                  | Orb.
     0 | D:1      | Reached XP level 1. HP: 14/14 MP: 1/1
    32 | D:1      | XOM: silly message
    53 | D:1      | XOM: mild Ice miscast
    80 | D:1      | XOM: give mutations
    80 | D:1      | Gained mutation: You are frail. (-10% HP) [Xom's mischief]
    80 | D:1      | Gained mutation: You are dopey. (Int -2) [Xom's mischief]
    80 | D:1      | Lost mutation: You are dopey. (Int -2) [Xom's mischief]
    96 | D:1      | XOM: butterfly on damage
   104 | D:1      | Reached XP level 2. HP: 14/17 MP: 2/2
   287 | D:1      | XOM: scenery: create altars
   300 | D:1      | XOM: 1-stop teleportation journey
   308 | D:1      | Reached XP level 3. HP: 16/21 MP: 3/3
   312 | D:1      | Reached skill level 5 in Short Blades
   490 | D:2      | XOM: 1-stop teleportation journey
   652 | D:2      | Reached XP level 4. HP: 19/26 MP: 4/4
   686 | D:2      | XOM: give mutations
   686 | D:2      | Gained mutation: You occasionally shout uncontrollably at
                  | your foes. [Xom's mischief]
   686 | D:2      | Gained mutation: You are dopey. (Int -2) [Xom's mischief]
   686 | D:2      | Gained mutation: Scrolls take you a little longer to read.
                  | [Xom's mischief]
   711 | D:2      | XOM: mild Chrm miscast
   825 | D:2      | XOM: give mutations
   825 | D:2      | Gained mutation: You are very frail. (-20% HP) [Xom's
                  | mischief]
   825 | D:2      | Gained mutation: You tend to lose your temper in combat.
                  | [Xom's mischief]
   825 | D:2      | Lost mutation: You occasionally shout uncontrollably at
                  | your foes. [Xom's mischief]
   982 | D:2      | XOM: mild Necr miscast
   997 | D:2      | XOM: summons friendly quasit
  1032 | D:2      | Reached skill level 6 in Short Blades
  1269 | D:2      | XOM: noise
  1299 | D:3      | Reached XP level 5. HP: 23/26 MP: 5/5
  1343 | D:3      | XOM: noise
  1427 | D:3      | HP: 1/26 [poisoned by an adder]
  1970 | D:3      | XOM: scenery: 1 doors close
  2287 | D:4      | XOM: give mutations
  2287 | D:4      | Gained mutation: Your muscles are strong. (Str +2) [Xom's
                  | grace]
  2287 | D:4      | Gained mutation: You are partially covered in yellow
                  | scales. (AC +2) [Xom's grace]
  2291 | D:4      | Found Plog's General Store.
  2349 | D:4      | Noticed Blork the orc
  2355 | D:4      | Killed Blork the orc
  2355 | D:4      | Reached skill level 7 in Short Blades
  2355 | D:4      | Reached XP level 6. HP: 29/30 MP: 6/6
  2362 | D:4      | XOM: enchant monster (good)
  2409 | D:4      | Reached skill level 8 in Short Blades
  2427 | D:4      | Found Nurhereg's Assorted Antiques.
  2444 | D:4      | Reached XP level 7. HP: 22/34 MP: 7/7
  2459 | D:4      | Bought a twisted iron wand for 84 gold pieces
  2564 | D:4      | Found Jilour's Weapon Emporium.
  2623 | D:4      | Found Ammir's Antique Weapon Shop.
  2674 | D:4      | Found a sand-covered staircase.
  2679 | Ossuary  | Entered an ossuary
  2680 | Ossuary  | Found the +2 ratskin cloak {+Rats rPois rN+ Str-1 Int-1
                  | Dex+1}
  2713 | Ossuary  | XOM: smoke on damage
  2827 | Ossuary  | Reached skill level 9 in Short Blades
  2827 | Ossuary  | Reached skill level 5 in Dodging
  2833 | Ossuary  | XOM: enchant monster (good)
  2896 | Ossuary  | XOM: destruction
  2902 | Ossuary  | XOM: god gift: ivory ring {god gift}
  2903 | Ossuary  | XOM: fake destruction
  3063 | D:4      | Noticed Sigmund
  3082 | D:4      | Killed Sigmund
  3082 | D:4      | Reached skill level 10 in Short Blades
  3082 | D:4      | Reached XP level 8. HP: 38/38 MP: 8/8
  3156 | D:4      | Found Gootz's Armour Boutique.
  3160 | D:4      | XOM: scenery: create altars
  3202 | D:4      | XOM: enchant monster (good)
  3211 | D:4      | XOM: fog
  3235 | D:4      | XOM: fake destruction
  3374 | D:4      | Found a white marble altar of Elyvilon.
  3516 | D:5      | Entered Level 5 of the Dungeon
  3538 | D:5      | XOM: give mutations
  3538 | D:5      | Gained mutation: Your flesh is cold resistant. (rC+) [Xom's
                  | grace]
  3538 | D:5      | Gained mutation: You have a pair of small horns on your
                  | head. [Xom's grace]
  3538 | D:5      | Gained mutation: Your skin changes colour to match your
                  | surroundings (Stealth+). [Xom's grace]
  3538 | D:5      | Gained mutation: You are agile. (Dex +2) [Xom's grace]
  3548 | D:5      | Found a staircase to the Ecumenical Temple.
  3605 | D:5      | XOM: summons friendly quasit
  3611 | D:5      | Reached skill level 11 in Short Blades
  3650 | D:5      | XOM: harmless Erth miscast
  3730 | D:5      | XOM: mild Hex miscast
  3732 | D:5      | Found Tarison's Gadget Boutique.
  3906 | D:5      | XOM: 7-stop teleportation journey
  3928 | D:5      | Found an opulent altar of Gozag.
  3931 | D:5      | Found a shimmering altar of Xom.
  4036 | Temple   | Entered the Ecumenical Temple
  4071 | D:6      | Noticed Eustachio
  4084 | D:6      | Killed Eustachio
  4084 | D:6      | Reached XP level 9. HP: 41/41 MP: 9/9
  4147 | D:6      | Reached skill level 12 in Short Blades
  4232 | D:6      | XOM: cleaving
  4381 | D:6      | Found a glowing drain.
  4404 | Sewer    | Entered a sewer
  4464 | Sewer    | XOM: potion effect (brilliance)
  4476 | Sewer    | Reached skill level 1 in Stealth
  4500 | Sewer    | Found a white marble altar of Elyvilon.
  4639 | D:6      | XOM: noise
  4660 | D:6      | XOM: smoke on damage
  4788 | D:6      | XOM: god gift: phial of floods
  4860 | D:6      | XOM: harmless Ice miscast
  4952 | D:6      | XOM: god gift: battleaxe {god gift}
  4976 | D:7      | XOM: summons friendly quasit
  4993 | D:7      | Reached skill level 5 in Stealth
  5056 | D:7      | Reached skill level 1 in Shields
  5060 | D:7      | Reached XP level 10. HP: 44/44 MP: 10/10
  5089 | D:7      | XOM: noise
  5250 | D:7      | XOM: fog
  5297 | D:7      | Found an opulent altar of Gozag.
  5437 | D:7      | XOM: harmless Tmut miscast
  5646 | D:4      | Bought an ichor-stained dagger for 175 gold pieces
  5648 | D:4      | Identified the +5 dagger "Vetal" {freeze, *Contam rElec
                  | Int+8} (You bought it in a shop on level 4 of the Dungeon)
  5765 | D:8      | XOM: fog
  5810 | D:8      | XOM: potion effect (brilliance)
  5831 | D:8      | XOM: summons friendly crimson imp
  5936 | D:8      | Noticed Gastronok
  5947 | D:8      | XOM: divination: detect creatures
  5966 | D:8      | Killed Gastronok
  5966 | D:8      | Reached XP level 11. HP: 45/48 MP: 11/11
  5991 | D:8      | Found Ipaor's Book Shoppe.
  6072 | D:8      | XOM: silly message
  6079 | D:8      | Reached skill level 10 in Dodging
  6131 | D:8      | Noticed Maurice
  6137 | D:8      | Killed Maurice
  6323 | D:8      | Bought a book of Minor Magic for 240 gold pieces
  6325 | D:8      | XOM: scenery: 1 doors open, 3 doors close
  6326 | D:8      | Learned a level 2 spell: Blink
  6401 | D:9      | XOM: harmless Fire miscast
  6413 | D:9      | Reached skill level 1 in Spellcasting
  6419 | D:9      | XOM: chaos cloud
  6422 | D:9      | XOM: smoke on damage
  6427 | D:9      | XOM: 1-stop teleportation journey
  6446 | D:9      | Identified the +1 leather armour of the Sailor {rPois Str-2
                  | Int+4 SInv}
  6529 | D:9      | Reached skill level 5 in Fighting
  6542 | D:9      | XOM: polymorph yak -> hippogriff
  6939 | D:10     | Entered Level 10 of the Dungeon
  6966 | D:10     | XOM: swap monsters
  6983 | D:10     | XOM: mild Air miscast
  7086 | D:10     | Found a staircase to the Lair.
  7157 | D:10     | Found a transporter.
  7160 | D:10     | Noticed Scuka's ghost (journeyman HuGl)
  7161 | D:10     | Found a transporter.
  7260 | D:10     | XOM: repel stairs
  7306 | D:10     | Found Qoppoago's Distillery.
  7351 | D:10     | Bought a potion of degeneration for 15 gold pieces
  7421 | D:10     | Lost mutation: You tend to lose your temper in combat.
                  | [potion of mutation]
  7421 | D:10     | Lost mutation: Scrolls take you a little longer to read.
                  | [potion of mutation]
  7421 | D:10     | Lost mutation: You are agile. (Dex +2) [potion of mutation]
  7421 | D:10     | Gained mutation: You are partially covered in icy blue
                  | scales. (AC +2) [potion of mutation]
  7422 | D:10     | Lost mutation: You have a pair of small horns on your head.
                  | [potion of mutation]
  7422 | D:10     | Lost mutation: You are very frail. (-20% HP) [potion of
                  | mutation]
  7422 | D:10     | Gained mutation: You tend to lose your temper in combat.
                  | [potion of mutation]
  7422 | D:10     | Gained mutation: Your spells are a little harder to cast,
                  | but a little more powerful. [potion of mutation]
  7423 | D:10     | Lost mutation: You are dopey. (Int -2) [potion of mutation]
  7423 | D:10     | Gained mutation: Your mind is acute. (Int +2) [potion of
                  | mutation]
  7449 | D:10     | XOM: swap monsters
  7453 | D:10     | XOM: mild Chrm miscast
  7460 | D:10     | XOM: god gift: 3 scrolls of teleportation
  7468 | D:10     | XOM: harmless Pois miscast
  7476 | D:10     | XOM: confuse monster(s)
  7677 | D:10     | Noticed a two-headed ogre
  7679 | D:10     | Killed a two-headed ogre
  7792 | D:10     | XOM: give mutations
  7792 | D:10     | Lost mutation: Your flesh is cold resistant. (rC+) [Xom's
                  | mischief]
  7792 | D:10     | Lost mutation: You tend to lose your temper in combat.
                  | [Xom's mischief]
  7792 | D:10     | Gained mutation: Your body sometimes deteriorates upon
                  | taking damage. [Xom's mischief]
  7792 | D:10     | Lost mutation: Your body sometimes deteriorates upon taking
                  | damage. [Xom's mischief]
  8028 | D:11     | XOM: summons 6 friendly demons
  8038 | D:11     | XOM: cast spell 'Disjunction'
  8062 | D:11     | XOM: polymorph ogre -> tengu
  8068 | D:11     | XOM: smoke on damage
  8071 | D:11     | Slain by an orc warrior

Skill      XL: |  1  2  3  4  5  6  7  8  9 10 11 |
---------------+----------------------------------+-----
Short Blades   | 5 6 7 8 10 11 12 | 12.8
Fighting       | 4 7 |  7.7
Dodging        | 3 4 5 7 8 9 11 | 11.7
Stealth        | 5 |  5.4
Shields        | 1 6 |  6.7
Spellcasting   | 4 |  4.0
Armour         | |  0.7

Action                   |  1- 3 |  4- 6 |  7- 9 | 10-12 || total
-------------------------+-------+-------+-------+-------++-------
Melee: Short sword       |    97 |   188 |   465 |   109 ||   859
       Headbutt          |       |       |    45 |   113 ||   158
       Dagger            |       |       |       |   409 ||   409
 Fire: Hunting sling     |       |     9 |       |       ||     9
  Use: Potion            |       |     6 |     4 |     5 ||    15
       Scroll            |       |     5 |     7 |     3 ||    15
 Stab: Sleeping          |     1 |     2 |    14 |    22 ||    39
       Paralysed         |     1 |       |     7 |       ||     8
       Distracted        |       |     1 |     1 |     1 ||     3
       Confused          |       |     1 |     7 |     6 ||    14
       Petrifying        |       |     1 |     2 |       ||     3
       Petrified         |       |     1 |       |       ||     1
  Eat: Chunk             |     7 |     4 |     8 |    11 ||    30
Armor: Leather armour    |    35 |    43 |    75 |    48 ||   201
       Skin              |       |     3 |       |     3 ||     6
Dodge: Dodged            |    60 |   130 |   247 |   275 ||   712
Block: Buckler           |       |       |       |   107 ||   107
